 Dungeon Sprint DCSS version 0.19.5 (webtiles) character file.

669 equalderp2856 the Thaumaturge (level 7, -15/40 HPs)
             Began as a Deep Elf Ice Elementalist on Apr 2, 2017.
             Was an Initiate of Gozag.
             Demolished by a shadow wraith (17 damage)
             ... in the Dungeon (Sprint VII: "The Pits").
             The game lasted 00:08:11 (1554 turns).

equalderp2856 the Thaumaturge (DEIE)                Turns: 1554, Time: 00:08:12

Health: -15/40     AC:  9    Str:  6    XL:     7   Next: 32%
Magic:  22/24      EV: 17    Int: 21    God:    Gozag
Gold:   1269       SH:  0    Dex: 15    Spells: 4 memorised, 19 levels left

rFire  . . .     SeeInvis .     r - +1 dagger (elec)
rCold  . . .     Gourm    .     a - +0 robe
rNeg   . . .     Faith    .     (no shield)
rPois  .         Spirit   .     (no helmet)
rElec  .         Reflect  .     (no cloak)
rCorr  .         Harm     .     (no gloves)
MR     .....     NoTele   +     (no boots)
Stlth  +++.......               (no amulet)
                                (no ring)
                                (no ring)

@: icy armour, slowed, very slow
A: no striking features
a: Potion Petition, Call Merchant, Bribe Branch, Renounce Religion


You were in the Dungeon.
You worshipped Gozag.
Gozag was most pleased with you.
You were not hungry.

You visited 1 branch You collected 1269 gold pieces.

Inventory:

Hand Weapons
 r - a +1 dagger of electrocution (weapon)
 s - a +2 trident of piercing
 t - a +2 quarterstaff of speed
 u - a +2 hand axe of chopping
 v - a +2 long sword of flaming
 w - a +0 flail of protection
 x - a +0 dagger
 y - a +2 quarterstaff
 z - a +2 dagger
 A - a +2 hand axe
 B - a +2 mace
 C - a +2 trident
 D - a +2 falchion
Missiles
 E - 10 stones (quivered)
Armour
 a - a +0 robe (worn)
 p - a +2 plate armour
 q - a +3 chain mail
Magical Staves
 F - an uncursed staff of energy
Scrolls
 i - a scroll of blinking
 k - 3 scrolls of remove curse
 l - 5 scrolls of amnesia
 m - a scroll of summoning
 G - 2 scrolls of vulnerability
Potions
 e - a potion of curing
 f - a potion of haste
 g - 4 potions of magic
 h - a potion of berserk rage
 j - 2 potions of invisibility
Books
 b - a book of Frost

   Spells                             Type                      Level
   a - Freeze                         Ice                          1
   b - Throw Frost                    Conjuration/Ice              2
   c - Ozocubu's Armour               Charms/Ice                   3
   d - Throw Icicle                   Conjuration/Ice              4
   e - Summon Ice Beast               Ice/Summoning                4
Comestibles
 c - 8 bread rations
 n - 37 fruits
 o - 7 meat rations


   Skills:
 + Level 2.6 Fighting
 + Level 1.3 Short Blades
 + Level 7.7 Dodging
 + Level 5.7 Stealth
 + Level 3.3 Unarmed Combat
 + Level 11.8 Spellcasting
 + Level 2.7 Conjurations
 + Level 1.5 Charms
 + Level 10.2 Ice Magic


You had 19 spell levels left.
You knew the following spells:

 Your Spells              Type           Power        Failure   Level  Hunger
a - Freeze                Ice            ####         1%          1    None
b - Throw Frost           Conj/Ice       #####.       1%          2    None
c - Ozocubu's Armour      Chrm/Ice       #####...     1%          3    None
d - Throw Icicle          Conj/Ice       #####...     4%          4    #......


Dungeon Overview and Level Annotations

Branches:
Dungeon (1/1)

Altars:
Ashenzari
Cheibriados
Dithmenos
Elyvilon
Fedhas
Gozag
Hepliaklqana
Kikubaaqudgha
Makhleb
Nemelex Xobeh
Okawaru
Qazlal
Ru
Sif Muna
Trog
Uskayaw
Vehumet
Xom
Yredelemnul
Zin
The Shining One
Beogh
Jiyva
Lugonu


Message History

* * * LOW HITPOINT WARNING * * *
Casting: Ozocubu's Armour
Confirm with . or Enter, or press ? or * to list all spells.
You can't see any susceptible monsters within range! (Use Z to cast anyway.)
Casting: Ozocubu's Armour
Confirm with . or Enter, or press ? or * to list all spells.
You can't see any susceptible monsters within range! (Use Z to cast anyway.)
You feel better. Something closely misses you.
You feel better. Something barely misses you. Something hits you!
You feel better. Something barely misses you.
Casting: Ozocubu's Armour
Confirm with . or Enter, or press ? or * to list all spells.
You don't know that spell.
Something closely misses you. Something hits you!!
Ouch! That really hurt!
* * * LOW HITPOINT WARNING * * *
There is an open door, spattered with blood here.
Something hits you!
You die...
Your body crumbles into a pile of gold.

#.#........##.......#
#'###########.......#
#.....).# #########
#)).#...# #...#...#
#.##.##.#+#
#...#...#.+
#...#...#'#
#......@'.#
###########


There were no monsters in sight!

Vanquished Creatures
  A fire bat (D)
  A warg (D)
  A porcupine (D)
  2 gnoll sergeants (D)
  A quasit (D)
  An orc priest (D)
  2 worker ants (D)
  5 gnolls (D)
  A river rat (D)
  An adder skeleton (D)
  4 orcs (D)
  4 jackals (D)
  A kobold (D)
  A leopard gecko skeleton (D)
  A rat (D)
27 creatures vanquished.

Notes
Turn   | Place    | Note
-------+----------+-------------------------------------------
     0 | D        | equalderp2856 the Deep Elf Ice Elementalist began the quest for the Orb.
     0 | D        | Reached XP level 1. HP: 10/10 MP: 6/6
   110 | D        | Found a radiant altar of Vehumet.
   110 | D        | Found a hide-covered altar of Uskayaw.
   110 | D        | Found an ancient bone altar of Kikubaaqudgha.
   110 | D        | Found a viscous altar of Jiyva.
   110 | D        | Found a hazy altar of Hepliaklqana.
   111 | D        | Found a bloodstained altar of Trog.
   111 | D        | Found a deep blue altar of Sif Muna.
   111 | D        | Found a sacrificial altar of Ru.
   111 | D        | Found a stormy altar of Qazlal.
   111 | D        | Found an iron altar of Okawaru.
   111 | D        | Found a sparkling altar of Nemelex Xobeh.
   111 | D        | Found an opulent altar of Gozag.
   111 | D        | Found a blossoming altar of Fedhas.
   111 | D        | Found a white marble altar of Elyvilon.
   111 | D        | Found a shadowy altar of Dithmenos.
   111 | D        | Found a snail-covered altar of Cheibriados.
   112 | D        | Found a glowing golden altar of the Shining One.
   112 | D        | Found a glowing silver altar of Zin.
   113 | D        | Found a burning altar of Makhleb.
   113 | D        | Found a basalt altar of Yredelemnul.
   113 | D        | Found a roughly hewn altar of Beogh.
   114 | D        | Found a corrupted altar of Lugonu.
   114 | D        | Found a shimmering altar of Xom.
   114 | D        | Found a shattered altar of Ashenzari.
   121 | D        | Became a worshipper of Gozag Ym Sagoz the Greedy
   178 | D        | Reached XP level 2. HP: 9/15 MP: 3/8
   179 | D        | Reached skill level 4 in Spellcasting
   299 | D        | Reached skill level 1 in Unarmed Combat
   299 | D        | Reached skill level 5 in Spellcasting
   299 | D        | Reached skill level 5 in Ice Magic
   299 | D        | Reached XP level 3. HP: 12/19 MP: 5/11
   630 | D        | Reached skill level 6 in Spellcasting
   630 | D        | Reached XP level 4. HP: 12/24 MP: 5/14
   974 | D        | Noticed a porcupine
   974 | D        | Noticed a fire bat
   974 | D        | Noticed a gnoll sergeant
   975 | D        | Noticed a gnoll sergeant
   976 | D        | Noticed a warg
   981 | D        | Killed a fire bat
   981 | D        | Reached skill level 1 in Fighting
   981 | D        | Reached skill level 5 in Stealth
   981 | D        | Reached skill level 8 in Spellcasting
   981 | D        | Reached XP level 5. HP: 21/29 MP: 13/18
  1010 | D        | Reached skill level 9 in Spellcasting
  1014 | D        | Reached XP level 6. HP: 35/35 MP: 16/20
  1066 | D        | Learned a level 2 spell: Throw Frost
  1070 | D        | Learned a level 3 spell: Ozocubu's Armour
  1075 | D        | Learned a level 4 spell: Throw Icicle
  1163 | D        | Killed a warg
  1163 | D        | Reached skill level 1 in Short Blades
  1163 | D        | Reached skill level 10 in Spellcasting
  1301 | D        | Reached skill level 11 in Spellcasting
  1436 | D        | Killed a porcupine
  1436 | D        | Reached skill level 1 in Charms
  1436 | D        | Reached skill level 10 in Ice Magic
  1436 | D        | Reached XP level 7. HP: 37/40 MP: 24/24
  1553 | D        | HP: 2/40 [something (20)]
  1554 | D        | Demolished by a shadow wraith

Skill      XL: |  1  2  3  4  5  6 |
---------------+-------------------+-----
Ice Magic      | 4 5 6 7 8 10 | 10.2
Dodging        | 3 4 6 7 |  7.7
Stealth        | 3 5 |  5.7
Spellcasting   | 5 6 8 9 11 | 11.8
Unarmed Combat | 1 2 3 |  3.3
Fighting       | 1 2 |  2.6
Short Blades   | 1 |  1.3
Conjurations   | 2 |  2.7
Charms         | 1 |  1.5

Action                   |  1- 3 |  4- 6 |  7- 9 || total
-------------------------+-------+-------+-------++-------
Melee: Unarmed           |    26 |     3 |       ||    29
       Dagger            |       |    17 |     5 ||    22
 Cast: Freeze            |    28 |    14 |       ||    42
       Throw Icicle      |       |    10 |     2 ||    12
       Ozocubu's Armour  |       |     2 |     1 ||     3
  Use: Potion            |     2 |     8 |     3 ||    13
 Stab: Sleeping          |     1 |       |     1 ||     2
  Eat: Fruit             |       |     3 |       ||     3
Armor: Robe              |     5 |     1 |       ||     6
Dodge: Dodged            |    47 |    42 |     5 ||    94
